AoeStats
← AxD | Kurumi 002

Nomad

509815911Analyzed
3v3 RM · 5d ago on Sep 28, 2026· 24m 12s· 6 players
Game mode
Random Map
Map size
210×210
Population
200
Speed
Normal
Resources
Standard
Victory
Conquest
Starting age
Dark Age
Ending age
Imperial Age
RankedLock teamsTeams togetherTeam positionsShared explorationLock speedFull tech treeHidden civsTurbo modeCheats
Victory
Defeat
🇨🇱 Bengalis · Chile
1632
+11
🇸🇻 Georgians · El Salvador
1587
+13
1580
+13
🇦🇷 Cumans · Argentina
1538
-13
🇨🇦 Teutons · Canada
1505
-12
🇨🇦 Vikings · Canada
1497
-12
PickledCabbage
5:12 Loom
14:09 Feudal Age
14:56 Double-Bit Axe
15:29 Fishing Lines
16:13 Fletching
24:13 Castle Age
22:35 Stone Mining
Cyvarios
5:37 Loom
12:45 Feudal Age
19:21 Castle Age
20:23 Scale Mail Armor
20:50 Double-Bit Axe
20:49 Horse Collar
Chipmunk
4:38 Loom
13:29 Feudal Age
14:04 Double-Bit Axe
14:49 Fishing Lines
18:21 Horse Collar
23:44 Wheelbarrow
22:57 Town Watch
AxD | Keiokenkun-Uno-Puro
5:58 Loom
15:59 Feudal Age
16:41 Double-Bit Axe
18:37 Fletching
22:31 Castle Age
23:26 Medium Warships
23:46 Bow Saw
AxD | Kurumi 002
4:45 Loom
12:24 Feudal Age
16:10 Castle Age
15:12 Double-Bit Axe
20:40 Scale Barding Armor
23:18 Chain Barding Armor
24:45 Bow Saw
AxD | Cad Bane
3:21 Loom
12:20 Feudal Age
14:07 Fletching
24:56 Castle Age
Connection lost

Rejoining the realm…

Still unreachable

The connection could not be restored.

Session expired

The server has moved on; the page needs a fresh start.